 Dungeon Crawl Stone Soup version 0.30-a0-341-g682706514a (webtiles) character file.

Game seed: 12990209585522797336

73125 retardedninja the Severer (level 15, -5/217 HPs)
             Began as a Hill Orc Fighter on Nov 4, 2022.
             Was the Champion of Dithmenos.
             Slain by a quicksilver ooze (8 damage)
             ... on level 1 of the Pits of Slime.
             The game lasted 00:38:50 (25429 turns).

retardedninja the Severer (Hill Orc Fighter)       Turns: 25429, Time: 00:38:51

Health: -5/217     AC: 25    Str: 39    XL:     15   Next: 42%
Magic:  7/15       EV:  8    Int: 10    God:    Dithmenos [******]
Gold:   821        SH:  0    Dex: 14    Spells: 14/14 levels left

rFire   . . .      SeeInvis .    a - +8 war axe (spect)
rCold   . . .      Faith    .    M - +0 kite shield
rNeg    . . .      Spirit   .    s - +2 plate armour
rPois   .          Reflect  +    J - +1 helmet {Int+3}
rElec   .          Harm     .    O - +0 cloak
rCorr   .          Rampage  .    l - +1 pair of gloves {Str+3}
Will    +....                    (no boots)
Stlth   ..........               D - amulet of reflection
HPRegen 0.56/turn                C - +6 ring of strength
MPRegen 0.14/turn                R - ring "Meronwuch" {Str+4 Slay+4}

@: confused, berserking, engulfed (cannot breathe), wreathed by umbra,
invisible, very quick
A: agile 1
a: Renounce Religion, Shadow Step, Shadow Form


You were on level 1 of the Pits of Slime.
You worshipped Dithmenos.
Dithmenos was exalted by your worship.
You visited 5 branches of the dungeon, and saw 21 of its levels.
You also visited: Ossuary and Bailey.

You collected 1848 gold pieces.
You spent 1027 gold pieces at shops.

Inventory:

Hand Weapons
 a - a +8 spectral war axe (weapon)
 f - a +0 broad axe
Missiles
 g - a boomerang of dispersal
 m - 2 throwing nets
 E - 15 javelins (quivered)
Armour
 l - a +1 pair of gloves of strength (worn)
 s - a +2 plate armour (worn)
 J - a +1 helmet of intelligence (worn)
 M - a +0 kite shield (worn)
 O - a +0 cloak (worn)
Jewellery
 p - a +6 ring of strength
 C - a +6 ring of strength (left hand)
 D - an amulet of reflection (around neck)
 Q - a ring of willpower
 R - the ring "Meronwuch" (right hand) {Str+4 Slay+4}
   (You bought it in a shop on level 2 of the Orcish Mines)

   [ring of slaying]

   Str:       It affects your strength (+4).
   Slay:      It affects your accuracy & damage with ranged weapons and melee
   (+4).
Wands
 j - a wand of flame (24)
 u - a wand of charming (19)
 z - a wand of roots (20)
Scrolls
 c - a scroll of torment
 k - a scroll of brand weapon
 n - 3 scrolls of summoning
 w - 3 scrolls of identify
 y - 6 scrolls of teleportation
 F - a scroll of magic mapping
 G - 6 scrolls of amnesia
 H - 3 scrolls of immolation
 K - a scroll of fog
 L - a scroll of fear
Potions
 b - 2 potions of resistance
 d - 3 potions of cancellation
 e - 14 potions of curing
 h - 2 potions of lignification
 i - 4 potions of brilliance
 o - 11 potions of ambrosia
 t - 6 potions of attraction
 v - 4 potions of flight
 x - 2 potions of berserk rage
 A - 7 potions of mutation
 B - 4 potions of magic
 I - a potion of haste
 N - 2 potions of might
Miscellaneous
 r - a phial of floods


   Skills:
 + Level 16.4 Fighting
 + Level 17.6 Axes
 + Level 15.2 Armour
 + Level 15.1 Shields


You had 14 spell levels left.
You didn't know any spells.
Your spell library contained the following spells:

 Spells                   Type           Power      Damage    Failure   Level
 Apportation              Tloc           0%         N/A       94%         1
 Magic Dart               Conj           0%         1d3       94%         1
 Necrotise                Necr           0%         1d4       94%         1
 Summon Small Mammal      Summ           0%         N/A       94%         1
 Blink                    Tloc           0%         N/A       98%         2
 Cigotuvi's Dreadful Rot  Necr/Pois/Air  0%         N/A       98%         2
 Momentum Strike          Conj/Tloc      0%         3d8       98%         2
 Poisonous Vapours        Pois/Air       0%         N/A       98%         2
 Searing Ray              Conj           0%         2d4       98%         2
 Gell's Gravitas          Tloc           0%         N/A       100%        3
 Inner Flame              Hex/Fire       0%         N/A       100%        3
 Lesser Beckoning         Tloc           0%         N/A       100%        3
 Mephitic Cloud           Conj/Pois/Air  0%         N/A       100%        3
 Portal Projectile        Hex/Tloc       0%         N/A       100%        3
 Teleport Other           Tloc           0%         N/A       100%        3
 Tukima's Dance           Hex            0%         N/A       100%        3
 Airstrike                Air            0%         2d(0-16)  100%        4
 Cause Fear               Hex            0%         N/A       100%        4
 Fulminant Prism          Conj/Hex       0%         3d5       100%        4
 Leda's Liquefaction      Hex/Erth       0%         N/A       100%        4
 Manifold Assault         Tloc           0%         N/A       100%        4
 Summon Lightning Spire   Summ/Air       0%         N/A       100%        4
 Blade Hands              Tmut           0%         N/A       100%        5
 Fireball                 Conj/Fire      0%         3d3       100%        5
 Iskenderun's Battlesphe  Conj           0%         2d6       100%        5
 Lee's Rapid Deconstruct  Erth           0%         3d4*      100%        5
 Lightning Bolt           Conj/Air       0%         1d11      100%        5
 Conjure Ball Lightning   Conj/Air       0%         3x3d6     100%        6
 Dispersal                Tloc           0%         N/A       100%        6
 Statue Form              Tmut/Erth      0%         N/A       100%        6
 Orb of Destruction       Conj           0%         9d5       100%        7
 Discord                  Hex            0%         N/A       100%        8
 Disjunction              Tloc           0%         N/A       100%        8


Dungeon Overview and Level Annotations

Branches:
Dungeon (11/15)            Temple (0/1) D:4            Lair (5/5) D:8
 Shoals (0/4) Lair:2       Spider (1/4) Lair:2        Slime (2/5) Lair:4
    Orc (2/2) D:11            Elf (0/3) Orc:2       Ossuary (visited)
 Bailey (visited)

Altars:
Dithmenos
Elyvilon
Fedhas
Gozag
Kikubaaqudgha
Nemelex Xobeh
Okawaru
Qazlal
Trog
Uskayaw
Vehumet
Wu Jian
Xom
Beogh
Jiyva

Shops:
D:1 [   D:5 (   D:7 =   D:10 (   Orc:2 =:*=:=

Annotations:
D:9 exclusion: statue
Lair:3 1 runed translucent door, Leaxt's ghost, journeyman MiBe
Lair:4 2 transporters, Iich's ghost, journeyman MiBe


Innate Abilities, Weirdness & Mutations

You are agile. (Dex +4, Str/Int -1)


Message History

Press ? for a list of commands and other information.
You are too confused!
A red film seems to cover your vision as you go berserk!
You feel yourself moving faster!
You feel mighty!
* * * LOW HITPOINT WARNING * * *
Your lungs strain for air!
The quicksilver ooze hits you.
The quicksilver ooze hits you but does no damage.
The slime creature hits you.
* * * LOW HITPOINT WARNING * * *
The quicksilver ooze hits you.
The quicksilver ooze hits you but does no damage.
You slash the slime creature!
The slime creature is lightly wounded.
You closely miss the quicksilver ooze. You slice the slime creature!! x2
Your shadow barely misses the slime creature. x2
Your shadow hits the quicksilver ooze with a war axe.
Your shadow hits the slime creature with a war axe.
Your +8 spectral war axe barely misses the quicksilver ooze.
Your +8 spectral war axe hits the slime creature!
* * * LOW HITPOINT WARNING * * *
Your lungs strain for air!
Two slime creatures merge to form a large slime creature.
* * * LOW HITPOINT WARNING * * *
Your lungs strain for air!
The quicksilver ooze hits you.
The quicksilver ooze hits you but does no damage.
The slime creature quivers.
In your confused state, you trip and fall back down the stairs.
* * * LOW HITPOINT WARNING * * *
You feel a strong urge to attack something.
* * * LOW HITPOINT WARNING * * *
Your lungs strain for air!
The quicksilver ooze hits you.
The quicksilver ooze hits you but does no damage.
A large slime creature splits.
* * * LOW HITPOINT WARNING * * *
Your lungs strain for air!
The quicksilver ooze barely misses you. The quicksilver ooze hits you!
You die...

#####.#.....#
##.##.......##
#...........##
###(...........#
##..............#
#..............##
####.........§§§§..#
#.............§J§..#
#.......>...#§@J§.##
#.._.......#..§JJ..#
#..............§§..#
#.....#.##..§.....##
####.....###.......#
##.#.##.#.......#
#####..........#
##.##......# ##
##....##


You could see 3 slime creatures and a quicksilver ooze.

Vanquished Creatures
  2 azure jellies
  The ghost of gabagool the Blocker, a journeyman GnFi of Ashenzari (Lair:5)
  The ghost of benadryl the Brawler, a journeyman TrDe of Trog (Lair:5)
  The ghost of billz999 the Brawler, a journeyman TrMo of Okawaru (Lair:5)
  The ghost of Lobster4 the Destroyer, a journeyman HuCj of Sif Muna (Lair:5)
  A minotaur (Orc:2)
  The ghost of baller8008 the Severer, a journeyman MiFi of Okawaru (Orc:2)
  Snorg (D:11)
  An entropy weaver (shapeshifter) (D:11)
  2 vault guards (Bailey)
  A rakshasa (D:11)
  4 death yaks
  2 boulder beetles (D:11)
  6 two-headed ogres (D:11)
  2 tengu warriors
  5 orc high priests (Orc:2)
  Urug (Lair:2)
  A steelbarb worm (Spider:1)
  7 orc knights (Orc:2)
  A lindwurm (Lair:5)
  A deep elf pyromancer (D:9)
  2 orc sorcerers (Orc:1)
  A wolf spider (Spider:1)
  4 cyclopes
  An ugly thing (D:11)
  An oklob plant (Lair:5)
  Joseph (D:8)
  11 elephants
  2 black mambas
  16 cane toads
  A gargoyle (D:11)
  A torpor snail (Spider:1)
  A demonic crawler (Spider:1)
  6 komodo dragons
  3 rime drakes (Lair:5)
  An efreet (D:11)
  A queen bee (Lair:3)
  3 polar bears (Lair:5)
  A merfolk (Lair:2)
  8 trolls
  Prince Ribbit (Bailey)
  4 tyrant leeches (Lair:5)
  A tarantella (Spider:1)
  13 blink frogs (Lair:5)
  A dream sheep (shapeshifter) (D:11)
  10 slime creatures
  5 dream sheep (Lair:5)
  4 jumping spiders (Spider:1)
  3 shadows
  A vampire (D:11)
  A culicivora (Spider:1)
  6 wraiths
  25 yaks
  6 wyverns
  6 humans (Bailey)
  3 basilisks
  Grum (D:8)
  2 redbacks
  2 steam dragons
  8 vampire mosquitoes
  4 wargs
  13 water moccasins
  2 acid dragons
  27 orc warriors
  An ice beast (D:7)
  3 black bears
  2 sky beasts
  5 centaurs
  2 ogres
  8 wolves
  An elf zombie (D:4)
  18 bullfrogs
  A phantom (D:11)
  3 kobold brigands (D:9)
  An elf skeleton (D:4)
  3 gnoll sergeants
  8 scorpions
  8 wights
  2 necrophages
  2 troll zombies (D:11)
  27 killer bees
  2 howler monkeys
  4 electric eels
  7 hounds
  3 gnoll boudas
  3 iguanas
  2 jellies (D:6)
  28 orc priests
  2 human skeletons (D:4)
  15 orc wizards
  Natasha (D:3)
  6 ogre zombies (D:11)
  3 mummies (Ossuary)
  28 gnolls
  9 adders
  A shadow imp (D:6)
  A worm (D:2)
  4 dart slugs
  55 orcs
  6 bats
  7 endoplasms
  A giant cockroach (D:2)
  14 goblins
  8 hobgoblins
  9 jackals
  12 kobolds
  5 quokkas
  3 training dummies (D:10)
  7 ball pythons
  A frilled lizard (D:3)
  A gnoll zombie (Ossuary)
  A goblin skeleton (D:11)
  5 goblin zombies
  2 hobgoblin skeletons (D:11)
  9 hobgoblin zombies
  A kobold zombie (Ossuary)
  2 orc skeletons
  17 orc zombies
  10 rats
647 creatures vanquished.

Vanquished Creatures (others)
  29 fungi
  137 plants
  2 withered plants (Lair:5)
168 creatures vanquished.

Grand Total: 815 creatures vanquished

Notes
Turn   | Place    | Note
-------+----------+-------------------------------------------
     0 | D:1      | retardedninja the Hill Orc Fighter began the quest for the
                  | Orb.
     0 | D:1      | Reached XP level 1. HP: 19/19 MP: 1/1
   149 | D:1      | Reached XP level 2. HP: 26/27 MP: 2/2
   159 | D:1      | Reached skill level 3 in Axes
   329 | D:1      | Found Oledadewea's Armour Shop.
   546 | D:1      | Reached XP level 3. HP: 33/33 MP: 3/3
  1111 | D:2      | Reached XP level 4. HP: 35/40 MP: 4/4
  1316 | D:2      | Found a faded altar of an unknown god.
  1644 | D:3      | Reached skill level 4 in Axes
  1958 | D:3      | Reached XP level 5. HP: 47/47 MP: 5/5
  2308 | D:3      | Found a bloodstained altar of Trog.
  2344 | D:3      | Noticed Natasha
  2351 | D:3      | Killed Natasha
  2536 | D:3      | Found a white marble altar of Elyvilon.
  2799 | D:4      | Found a shadowy altar of Dithmenos.
  2836 | D:4      | Became a worshipper of Dithmenos the Shadowed
  2888 | D:4      | Noticed an ogre
  2894 | D:4      | Killed an ogre
  2895 | D:4      | Reached skill level 5 in Fighting
  2895 | D:4      | Reached XP level 6. HP: 33/56 MP: 6/6
  2937 | D:4      | Reached skill level 5 in Axes
  3101 | D:4      | Found a sand-covered staircase.
  3115 | D:4      | Reached skill level 5 in Armour
  3115 | D:4      | Reached skill level 5 in Shields
  3117 | Ossuary  | Entered an ossuary
  3117 | Ossuary  | Noticed a wraith
  3117 | Ossuary  | Noticed a wraith
  3117 | Ossuary  | Noticed a wraith
  3350 | Ossuary  | Noticed a wraith
  3360 | Ossuary  | Killed a wraith
  3361 | Ossuary  | Reached XP level 7. HP: 56/62 MP: 7/7
  3689 | D:4      | Reached * piety under Dithmenos
  3833 | D:4      | Reached skill level 6 in Axes
  3916 | D:4      | Found a staircase to the Ecumenical Temple.
  3955 | D:4      | Found a shimmering altar of Xom.
  4192 | D:5      | Entered Level 5 of the Dungeon
  4219 | D:5      | Found an ancient bone altar of Kikubaaqudgha.
  4343 | D:5      | Reached XP level 8. HP: 71/71 MP: 8/8
  4589 | D:5      | Reached skill level 7 in Axes
  4619 | D:5      | Found a stormy altar of Qazlal.
  4726 | D:5      | Found Eratogor's Antique Weapon Boutique.
  4916 | D:6      | Reached ** piety under Dithmenos
  4999 | D:6      | Reached XP level 9. HP: 73/79 MP: 9/9
  5168 | D:6      | Found an iron altar of Okawaru.
  5199 | D:6      | Reached skill level 8 in Axes
  5568 | D:7      | Found Zoviwa's Jewellery Boutique.
  5650 | D:7      | Noticed a +0 spear
  5651 | D:7      | Noticed a +0 dagger
  5652 | D:7      | Noticed a +0 short sword
  5652 | D:7      | Noticed a +0 dagger
  5652 | D:7      | Noticed a +0 falchion
  5653 | D:7      | Noticed a +0 spear
  5653 | D:7      | Noticed a +0 short sword
  5653 | D:7      | Noticed a +0 falchion
  5655 | D:7      | Found a hide-covered altar of Uskayaw.
  5737 | D:7      | Found a blossoming altar of Fedhas.
  5748 | D:7      | Found an ornate altar of the Wu Jian Council.
  5932 | D:7      | Found a flagged portal.
  5952 | Bailey   | Entered a bailey
  5962 | Bailey   | Reached skill level 9 in Axes
  6008 | Bailey   | Reached XP level 10. HP: 61/91 MP: 10/10
  6015 | Bailey   | Reached *** piety under Dithmenos
  6519 | Bailey   | Noticed a vault guard
  6519 | Bailey   | Noticed Prince Ribbit
  6529 | Bailey   | Killed Prince Ribbit
  6530 | Bailey   | Reached skill level 10 in Axes
  6530 | Bailey   | Killed a vault guard
  6907 | Bailey   | Noticed a vault guard
  6913 | Bailey   | Killed a vault guard
  6914 | Bailey   | Reached skill level 10 in Fighting
  7344 | D:8      | Found a sparkling altar of Nemelex Xobeh.
  7385 | D:8      | Noticed Joseph
  7397 | D:8      | Killed Joseph
  7728 | D:8      | Noticed Grum
  7738 | D:8      | Killed Grum
  7838 | D:8      | Reached skill level 11 in Axes
  7854 | D:8      | Reached XP level 11. HP: 101/101 MP: 11/11
  8292 | D:8      | Found a staircase to the Lair.
  8298 | D:8      | Reached skill level 10 in Shields
  8432 | Lair:1   | Entered Level 1 of the Lair of Beasts
  8437 | Lair:1   | Reached skill level 10 in Armour
  9328 | Lair:2   | Found a hole to the Spider Nest.
  9380 | Lair:2   | Identified the +2 ring mail of Jaychep {Int+2}
  9467 | Lair:2   | Noticed Urug
  9483 | Lair:2   | Killed Urug
  9484 | Lair:2   | Reached skill level 12 in Axes
 10659 | Lair:2   | Found a staircase to the Shoals.
 11217 | Lair:3   | Found a runed translucent door.
 11288 | Lair:3   | Identified the +0 scale mail of the Boiling Point {Drain
                  | Will+++ MP+9 Str+5}
 11445 | Lair:3   | Reached **** piety under Dithmenos
 11833 | Lair:3   | Noticed Leaxt's ghost (journeyman MiBe)
 11833 | Lair:3   | Identified the +3 trident of Cieczauq {holy, Will+}
 11833 | Lair:3   | Noticed a spriggan rider
 11872 | Lair:4   | Reached XP level 12. HP: 99/112 MP: 12/12
 11946 | Lair:4   | Found a transporter.
 11947 | Lair:4   | Noticed a boulder beetle
 11958 | Lair:4   | Noticed Iich's ghost (journeyman MiBe)
 11969 | Lair:4   | Found a staircase to the Slime Pits.
 11973 | Lair:4   | Found a transporter.
 12243 | Lair:4   | Reached skill level 13 in Axes
 12675 | Lair:4   | Identified the +4 rapier of Diet Blood {vamp, rElec rF++
                  | rC+++ Stlth-}
 12683 | Lair:4   | Noticed a death yak
 12683 | Lair:4   | Noticed a death yak
 12683 | Lair:4   | Noticed a death yak
 12683 | Lair:4   | Noticed a death yak
 12732 | Lair:3   | Killed a death yak
 13292 | Lair:3   | Killed a death yak
 13604 | Lair:4   | Killed a death yak
 13605 | Lair:4   | Killed a death yak
 14212 | Lair:5   | Entered Level 5 of the Lair of Beasts
 14572 | Lair:5   | Reached skill level 14 in Axes
 14590 | Lair:5   | Reached XP level 13. HP: 93/122 MP: 13/13
 14591 | Lair:5   | Reached ***** piety under Dithmenos
 15581 | Lair:5   | Reached skill level 15 in Axes
 16025 | Lair:5   | Found a runed translucent gate.
 16026 | Lair:5   | Found a runed translucent gate.
 16026 | Lair:5   | Found a runed translucent gate.
 16027 | Lair:5   | Noticed Lobster4's ghost (journeyman HuCj)
 16028 | Lair:5   | Noticed billz999's ghost (journeyman TrMo)
 16029 | Lair:5   | Noticed gabagool's ghost (journeyman GnFi)
 16029 | Lair:5   | Noticed benadryl's ghost (journeyman TrDe)
 16626 | Lair:5   | Identified the ring "Yxozan" {Str+2 Int+3 Dex+6}
 17697 | D:9      | Identified the +7 spear "Woecoptaef" {vorpal, *Corrode
                  | Int+3 SInv}
 17872 | D:9      | Found a radiant altar of Vehumet.
 18133 | D:10     | Entered Level 10 of the Dungeon
 18367 | D:10     | Found Robanum's Firing Range.
 18754 | D:10     | Found an opulent altar of Gozag.
 19040 | D:11     | Noticed a rakshasa
 19049 | D:11     | Killed a rakshasa
 19050 | D:11     | Reached XP level 14. HP: 133/133 MP: 14/14
 19219 | D:11     | Found a staircase to the Orcish Mines.
 19231 | D:11     | Reached ****** piety under Dithmenos
 19405 | D:11     | Reached skill level 16 in Axes
 19848 | D:11     | Reached skill level 15 in Fighting
 20118 | D:11     | Noticed Snorg
 20126 | D:11     | Killed Snorg
 20753 | Orc:1    | Entered Level 1 of the Orcish Mines
 21151 | Orc:2    | Entered Level 2 of the Orcish Mines
 21207 | Orc:2    | Found a staircase to the Elven Halls.
 21214 | Orc:2    | Found Qofor's Book Boutique.
 21230 | Orc:2    | Found a runed translucent gate.
 21231 | Orc:2    | Found a runed translucent gate.
 21234 | Orc:2    | Found a runed translucent gate.
 21357 | Orc:2    | Found a roughly hewn altar of Beogh.
 21358 | Orc:2    | Found Boaplex's Jewellery Boutique.
 21369 | Orc:2    | Bought the ring "Meronwuch" {Str+4 Slay+4} for 1027 gold
                  | pieces
 22278 | Orc:2    | Noticed baller8008's ghost (journeyman MiFi)
 22404 | Orc:2    | Reached skill level 17 in Axes
 22413 | Orc:2    | Reached XP level 15. HP: 96/143 MP: 15/15
 22922 | Orc:2    | Gained mutation: You are agile. (Dex +4, Str/Int -1) [a
                  | neqoxec]
 23415 | Orc:2    | Found Naunobe's Jewellery Shop.
 23418 | Orc:2    | Found Qizxoen's Book Boutique.
 23419 | Orc:2    | Found Laur Pea's General Store.
 23420 | Orc:2    | Found Heuhas's Jewellery Shop.
 23536 | Orc:2    | Killed baller8008's ghost
 24152 | Spider:1 | Entered Level 1 of the Spider Nest
 24730 | Lair:5   | Killed billz999's ghost
 24735 | Lair:5   | Killed benadryl's ghost
 24736 | Lair:5   | Reached skill level 15 in Armour
 24736 | Lair:5   | Reached skill level 15 in Shields
 24736 | Lair:5   | Killed gabagool's ghost
 24736 | Lair:5   | Killed Lobster4's ghost
 25120 | Slime:1  | Entered Level 1 of the Pits of Slime
 25125 | Slime:1  | Noticed an azure jelly
 25163 | Lair:4   | Killed an azure jelly
 25304 | Slime:1  | Found a viscous altar of Jiyva.
 25402 | Slime:2  | Noticed an azure jelly
 25411 | Slime:2  | Killed an azure jelly
 25428 | Slime:1  | HP: 7/217 [drowned by a quicksilver ooze (4)]
 25429 | Slime:1  | HP: 3/217 [drowned by a quicksilver ooze (5)]
 25429 | Slime:1  | Slain by a quicksilver ooze

Illustrated notes

Levels and vault maps discovered:
D:1:      heliophobic_arrival_ceremonial_halls, layout_rooms, serial_forest,
          infiniplex_forest_lined_2, infiniplex_forest_lined_2,
          infiniplex_forest_clump_long, infiniplex_forest_lined_room_2,
          infiniplex_forest_clump_diagonal, infiniplex_forest_lined_4_way,
          infiniplex_forest_clump_C, infiniplex_forest_zigzag_2, serial_shops,
          nicolae_shop_advertising_works [nicolae_subvault_shop_adworks]
D:2:      layout_basic, dilly_ecumenical_altar_fadedgnrine
D:3:      layout_basic, mainiacjoe_overflow_alcove_1,
          mainiacjoe_overflow_surrounded_room, serial_bayou,
          serial_bayou_pond_d, serial_bayou_pond_b, serial_bayou_shore_b,
          serial_bayou_lagoon_a, serial_bayou_pond_b, uniq_natasha
D:4:      layout_basic, nicolae_dithmenos_shadow_blocks, lemuel_round_altar,
          minmay_temple_entry_fiery, nicolae_ossuary_entry_catacombs,
          serial_bayou_lagoon_b
D:5:      layout_loops_cross, marbit_many_paths,
          mainiacjoe_overflow_tiny_flanked, serial_shops, kennysheep_mini
D:6:      layout_gridville, mainiacjoe_overflow_six_doors_small
D:7:      layout_gridville, nicolae_uskayaw_en_pointe,
          mainiacjoe_overflow_large_starburst, enter_bailey_7, serial_shops,
          nicolae_shop_stone
D:8:      layout_gridville, mainiacjoe_overflow_catwalk,
          grunt_lair_entry_orc_guard_hut, minmay_misc_feat_diagonals,
          uniq_joseph, uniq_grum
D:9:      layout_loops_corners, vehumet_statue, kennysheep_generic_room_4
D:10:     nicolae_cairo_tiling_very_big, layout_loops_corners,
          old_standard_altar, st_stairs_1, hangedman_decor_push,
          nicolae_shop_firing_range
D:11:     minmay_imperfect_grid, layout_irregular_city, zombieorc2_lemuel,
          nrook_uturn, lemuel_flamethrower_1, uniq_snorg
Lair:1:   layout_cave_shapes, cheibrodos_lair_reptile_den
Lair:2:   layout_big_grid, elwin_shoals_entry_rooms, spider_nest_entry_rubble,
          serial_bayou_shore_a, uniq_urug
Lair:3:   layout_roguey, special_room [special_room_bee],
          ebering_ghost_funeral_grove, chequers_serial_rivers_room_b,
          chequers_serial_rivers_micro_c
Lair:4:   layout_gridlike, slime_entry_1, gammafunk_ghost_berserking_beasts,
          grunt_megastairs_2
Lair:5:   minmay_lair_end_frog_pond, layout_misc_corridors,
          gammafunk_ghost_cemetery, serial_rivers,
          chequers_serial_rivers_large_a, chequers_serial_rivers_room_b,
          chequers_serial_rivers_room_b, chequers_serial_rivers_small_b,
          chequers_serial_rivers_micro_e, chequers_serial_rivers_marsh,
          minmay_lair_oklob_items
Spider:1: layout_spider_delve, nicolae_spider_claw_tunnel
Slime:1:  layout_caves, basic_altar
Slime:2:  layout_caves
Orc:1:    layout_caves
Orc:2:    st_orc_pillars, layout_diamond_mine, basic_altar,
          maelrawn_ghost_gauntlet_escape, serial_shops, shop,
          nicolae_shop_statue_plus

Skill      XL: |  1  2  3  4  5  6  7  8  9 10 11 12 13 14 15 |
---------------+----------------------------------------------+-----
Axes           | 3 4 5 6 7 9 11 12 14 15 17 | 17.6
Fighting       | 4 5 6 7 9 10 11 13 14 15 16 | 16.4
Shields        | 4 5 7 8 9 11 12 13 14 15 | 15.1
Armour         | 4 5 6 8 9 10 12 13 14 15 | 15.2

Action                   |  1- 3 |  4- 6 |  7- 9 | 10-12 | 13-15 || total
-------------------------+-------+-------+-------+-------+-------++-------
Melee: War axe           |   110 |   160 |   182 |   260 |   625 ||  1337
Throw: Throwing net      |       |       |       |     1 |       ||     1
       Javelin           |       |       |       |       |     3 ||     3
Evoke: Wand              |       |       |       |       |    18 ||    18
  Use: Scroll            |       |     1 |    16 |    15 |    15 ||    47
       Potion            |       |     1 |       |     8 |     9 ||    18
 Stab: Distracted        |       |       |       |     1 |     9 ||    10
       Invisible         |       |       |       |       |     7 ||     7
Armor: Scale mail        |    60 |    66 |       |       |       ||   126
       Plate armour      |       |    39 |   109 |   143 |   203 ||   494
Dodge: Dodged            |    47 |    62 |    42 |    76 |   125 ||   352
Block: Buckler           |    22 |    32 |    33 |    74 |    42 ||   203
       Kite shield       |       |       |       |       |   349 ||   349
       Reflection        |       |       |       |       |    28 ||    28

Table legend: (Time is in decaauts)
 A = Elapsed time spent in this place.
 B = Non-inter-level travel time spent in this place.
 C = Inter-level travel time spent in this place.
 D = Time resting spent in this place.
 E = Time spent auto-exploring this place.
 F = Levels seen in this place.
 G = Mean time per level.
                   A        B        C        D        E       F      G
               +--------+--------+--------+--------+--------+-----+--------+
         Total |  25552 |  24700 |    852 |   9061 |  12207 |  23 | 1111.0 |
       Dungeon |  11051 |  10650 |    401 |   1806 |   7073 |  11 | 1004.6 |
          Lair |   9650 |   9256 |    394 |   4750 |   3627 |   5 | 1930.0 |
   Spider Nest |     34 |     34 |      0 |      0 |      0 |   1 |   34.0 |
    Slime Pits |    145 |    145 |      0 |      0 |     73 |   2 |   72.5 |
  Orcish Mines |   3199 |   3144 |     55 |   1709 |    989 |   2 | 1599.5 |
       Ossuary |    436 |    436 |      0 |     20 |    293 |   1 |  436.0 |
        Bailey |   1034 |   1034 |      0 |    775 |    151 |   1 | 1034.0 |
               +--------+--------+--------+--------+--------+-----+--------+

Top non-repeatable levels by time:
   Orc:2: 2784 daAuts
  Lair:5: 2571 daAuts
  Lair:2: 2353 daAuts
  Lair:4: 2115 daAuts
  Lair:3: 1918 daAuts
    D:11: 1741 daAuts
     D:9: 1219 daAuts
     D:3: 1153 daAuts
     D:8: 1149 daAuts
     D:2: 1044 daAuts
     D:4: 1034 daAuts
  Bailey: 1034 daAuts
    D:10: 917 daAuts
     D:7: 727 daAuts
     D:6: 705 daAuts
